 Dungeon Crawl Stone Soup version 0.31.0-12-g77e489cdc1 (webtiles) character file.

Game seed: 13406463067788903418

529 Silvore the Chopper (level 7, -5/61 HPs)
             Began as a Minotaur Fighter on Feb 19, 2024.
             Slain by a troll (7 damage)
             ... on level 5 of the Dungeon.
             The game lasted 00:05:34 (1907 turns).

Silvore the Chopper (Minotaur Fighter)              Turns: 1907, Time: 00:05:35

Health: -5/61      AC:  7    Str: 22    XL:     7   Next: 3%
Magic:  6/6        EV: 10    Int:  5    God:
Gold:   84         SH:  4    Dex: 10    Spells: 6/6 levels left

rFire   . . .        a - +0 war axe
rCold   . . .        c - +0 buckler
rNeg    . . .        b - +0 scale mail
rPois   .            (helmet restricted)
rElec   .            (no cloak)
rCorr   .            (no gloves)
SInv    .            (no boots)
Will    .....        (no amulet) Stlth
                     (no ring)
HPRegen 0.30/turn    (no ring)
MPRegen 0.10/turn

%: no passive effects
@: mighty
A: horns 2, retaliatory headbutt
a: no special abilities


You were on level 5 of the Dungeon.
You visited 1 branch of the dungeon, and saw 5 of its levels.

You collected 84 gold pieces.

Inventory:

Hand Weapons
 a - a +0 war axe (weapon)
Missiles
 j - a throwing net (quivered)
Armour
 b - a +0 scale mail (worn)
 c - a +0 buckler (worn)
Jewellery
 l - a ring of wizardry
 o - a ring of fire
Scrolls
 i - 3 scrolls of teleportation
 q - a scroll of fear
Potions
 f - a potion of brilliance
 g - a potion of enlightenment
 k - 2 potions of degeneration
 n - a potion of mutation {unknown}
 p - a potion of magic {unknown}


   Skills:
 + Level 5.0 Fighting
 + Level 6.6 Axes
 + Level 5.1 Armour
 + Level 1.9 Dodging
 + Level 0.4 Stealth
 + Level 4.5 Shields


You had 6 spell levels left.
You didn't know any spells.
Your spell library was empty.

Dungeon Overview and Level Annotations

Branches:
Dungeon (6/15)
 Temple: D:4-7

Altars:


Innate Abilities, Weirdness & Mutations

You have a pair of horns on your head.
You reflexively headbutt those who attack you in melee.


Message History

Things that are here:
a +0 spear; a gnoll corpse HP restored.
A troll comes into view.
The troll shouts!
A troll is nearby!
The troll bites you! The troll claws you! The troll closely misses you.
You slash the troll!
The troll is moderately wounded.
You block the troll's attack. The troll claws you. The troll claws you!
You closely miss the troll.
The troll is moderately wounded.
The troll barely misses you. x2; The troll claws you!
You closely miss the troll. Your headbutt misses the troll.
The troll is moderately wounded.
The troll barely misses you. You furiously retaliate!
You headbutt the troll! The troll barely misses you.
The troll claws you but does no damage. The troll barely misses you.
The troll claws you but does no damage. The troll claws you!
* * * LOW HITPOINT WARNING * * *
You feel much better. You block the troll's attack. The troll claws you!
The troll claws you.
You feel very mighty all of a sudden. The troll barely misses you.
The troll claws you. The troll claws you but does no damage.
You closely miss the troll.
The troll is moderately wounded.
The troll bites you!
* * * LOW HITPOINT WARNING * * *
You block the troll's attack. The troll claws you.
* * * LOW HITPOINT WARNING * * *
You slice the troll!!
The troll is severely wounded.
The troll bites you.
* * * LOW HITPOINT WARNING * * *
You block the troll's attack. The troll closely misses you.
You slash the troll!
The troll is almost dead.
The troll barely misses you. The troll claws you!
You die...

########################
................@T......
...................###..
..†.)....###.......#
###......# ###.....#
##.....## ##.....#
###....# ###...# ##...##
#...# ##...## #..#
##...# #..


You could see a troll.

Vanquished Creatures
  Grinder (D:6)
  A sky beast (D:6)
  A hound (D:6)
  A jelly (D:6)
  4 iguanas (D:6)
  Robin (D:2)
  A gnoll (D:5)
  An adder (D:2)
  A dart slug (D:5)
  An orc (D:3)
  2 bats
  4 endoplasms
  3 giant cockroaches
  13 goblins
  7 hobgoblins
  4 jackals (D:1)
  A quokka (D:2)
  3 ball pythons
  3 frilled lizards
  2 kobolds (D:1)
  3 rats (D:1)
58 creatures vanquished.

Notes
Turn   | Place    | Note
-------+----------+-------------------------------------------
     0 | D:1      | Silvore the Minotaur Fighter began the quest for the Orb.
     0 | D:1      | Reached XP level 1. HP: 19/19 MP: 0/0
    61 | D:1      | Reached XP level 2. HP: 27/27 MP: 1/1
   831 | D:2      | Reached XP level 3. HP: 33/33 MP: 2/2
   901 | D:2      | Reached skill level 3 in Axes
  1073 | D:2      | Noticed Robin
  1077 | D:2      | Killed Robin
  1204 | D:2      | Reached XP level 4. HP: 41/41 MP: 3/3
  1356 | D:3      | You fall into a shaft and drop 3 floors!
  1392 | D:6      | Reached skill level 4 in Axes
  1598 | D:6      | Reached XP level 5. HP: 47/47 MP: 4/4
  1685 | D:6      | Noticed Grinder
  1698 | D:6      | Noticed a sky beast
  1706 | D:6      | Killed Grinder
  1707 | D:6      | Reached skill level 5 in Axes
  1707 | D:6      | Reached skill level 5 in Armour
  1707 | D:6      | Reached skill level 1 in Dodging
  1707 | D:6      | Reached XP level 6. HP: 37/55 MP: 5/5
  1715 | D:6      | Killed a sky beast
  1716 | D:6      | Reached skill level 5 in Fighting
  1716 | D:6      | Reached skill level 6 in Axes
  1811 | D:6      | Reached XP level 7. HP: 53/61 MP: 6/6
  1847 | D:5      | Entered Level 5 of the Dungeon
  1896 | D:5      | Noticed a troll
  1905 | D:5      | HP: 3/61 [troll (2)]
  1907 | D:5      | Slain by a troll

Illustrated notes

Levels and vault maps discovered:
D:1:      dpeg_arrival_oval, layout_basic, serial_rivers,
          chequers_serial_rivers_micro_c, chequers_serial_rivers_large_a,
          chequers_serial_rivers_small_b, chequers_serial_rivers_micro_c
D:2:      layout_rooms, minmay_pentomino_s4, uniq_robin
D:3:      layout_loops_ring
D:5:      minmay_thick_lines, layout_loops_ring, nicolae_ashenzari_skybound,
          xom_teletrap_fun, mainiacjoe_overflow_alcove_4
D:6:      layout_loops_cross, gammafunk_ghost_nasty_kobolds, serial_shops, shop,
          hangedman_decor_clover_reticule, roderic_lattice_a, uniq_grinder

Skill      XL: |  1  2  3  4  5  6 |
---------------+-------------------+-----
Fighting       | 4 5 |  5.0
Armour         | 4 5 |  5.1
Shields        | 4 |  4.5
Axes           | 3 4 5 6 |  6.6
Dodging        | 1 |  1.9
Stealth        | |  0.4

Action                     |  1- 3 |  4- 6 |  7- 9 || total
---------------------------+-------+-------+-------++-------
  Melee: War axe           |    65 |    42 |     8 ||   115
         Headbutt          |     7 |     4 |       ||    11
    Use: Scroll            |     6 |     4 |       ||    10
         Potion            |       |     1 |     2 ||     3
 Armour: Scale mail        |    47 |    33 |    17 ||    97
  Dodge: Dodged            |    36 |    17 |    11 ||    64
  Block: Buckler           |    21 |     9 |     5 ||    35
